 Dungeon Crawl Stone Soup version 0.30-a0-586-g23e55c9e0a (webtiles) character file.

Game seed: 13252847684406516495

646 PyroL the Changer (level 7, -3/43 HPs)
             Began as an Octopode Transmuter on Jan 3, 2023.
             Slain by a wight
             ... wielding a +4 battleaxe
              (18 damage)
             ... on level 5 of the Dungeon.
             The game lasted 00:08:40 (4244 turns).

PyroL the Changer (Octopode Transmuter)             Turns: 4244, Time: 00:08:40

Health: -3/43      AC:  2    Str: 10    XL:     7   Next: 52%
Magic:  16/19      EV: 20    Int: 17    God:
Gold:   141        SH:  5    Dex: 17    Spells: 4/10 levels left

rFire   . . .      SeeInvis .      - Unarmed
rCold   . . .      Faith    .    (shield currently unavailable)
rNeg    . . .      Spirit   .    (helmet currently unavailable)
rPois   .          Reflect  +    n - amulet of reflection
rElec   .          Harm     .    l - ring of poison resistance
rCorr   .          Rampage  .    r - ring of magical power
Will    .....                    (no ring)
Stlth   ++                       (no ring)
HPRegen 0.27/turn                (no ring)
MPRegen 0.16/turn                (no ring)
                                 (no ring)
                                 (no ring)

@: spider-form
A: venomous fangs, almost no armour, (amphibious), 8 rings, tiny, (camouflage
1), (gelatinous body 1), (nimble swimmer 1), (tentacles)
a: End Transformation


You were on level 5 of the Dungeon.
You were a venomous arachnid creature.
You visited 2 branches of the dungeon, and saw 6 of its levels.

You collected 141 gold pieces.

Inventory:

Hand Weapons
 o - a +1 flail of protection (melded)
Magical Staves
 c - a staff of cold
Jewellery
 l - a ring of poison resistance (left front leg)
 n - an amulet of reflection (around neck)
 r - a ring of magical power (right front leg)
Wands
 q - a wand of paralysis (2)
Scrolls
 b - a scroll of vulnerability {unknown}
 d - a scroll of acquirement {unknown}
 f - 3 scrolls of teleportation
 g - 2 scrolls of immolation {unknown}
 h - a scroll of brand weapon
 j - 2 scrolls of fog {unknown}
 p - 3 scrolls of amnesia {unknown}
 s - a scroll of summoning {unknown}
 t - a scroll of enchant armour {unknown}
 u - a scroll of blinking {unknown}
Potions
 a - a potion of lignification
 e - 3 potions of mutation
 i - 6 potions of curing
 k - a potion of degeneration
 m - a potion of ambrosia


   Skills:
 - Level 1.0 Fighting
 + Level 2.7 Dodging
 + Level 3.5 Unarmed Combat
 - Level 2.0 Spellcasting
 - Level 7.2 Transmutations
 - Level 3.0 Poison Magic


You had 4 spell levels left.
You knew the following spells:

 Your Spells              Type           Power      Damage    Failure   Level
a - Beastly Appendage     Tmut           52%        N/A       5%          1
b - Wereblood             Tmut           26%        N/A       7%          2
c - Spider Form           Tmut/Pois      19%        N/A       19%         3

Your spell library contained the following spells:

 Spells                   Type           Power      Damage    Failure   Level
 Apportation              Tloc           2%         N/A       38%         1
 Necrotise                Necr           4%         1d4       38%         1
 Shock                    Conj/Air       4%         1d3       38%         1
 Summon Small Mammal      Summ           4%         N/A       38%         1
 Ice Form                 Ice/Tmut       13%        N/A       63%         4
 Gell's Gravitas          Tloc           1%         N/A       71%         3
 Teleport Other           Tloc           1%         N/A       71%         3
 Manifold Assault         Tloc           1%         N/A       96%         4
 Dispersal                Tloc           0%         N/A       100%        6
 Disjunction              Tloc           0%         N/A       100%        8


Dungeon Overview and Level Annotations

Branches:
Dungeon (5/15)             Temple (1/1) D:5

Altars:
Ashenzari
Elyvilon
Fedhas
Kikubaaqudgha
Makhleb
Nemelex Xobeh
Trog
Uskayaw
Vehumet
Wu Jian
Xom
Zin
The Shining One


Innate Abilities, Weirdness & Mutations

You are a venomous arachnid creature.
You have poisonous fangs.
You are tiny and dextrous.
Your spellcasting is less reliable in this form.
Your armour is entirely melded.
You are incapable of wielding weapons or throwing items.
You cannot wear most types of armour.
((You are amphibious.))
You can wear up to eight rings at the same time.
((Your skin changes colour to match your surroundings (Stealth+).))
((Your rubbery body absorbs attacks. (AC +1, EV +1)))
((You are camouflaged when in or above water. (Stealth+)))
((You have tentacles for arms and can constrict up to eight enemies at once.))


Message History

Key pressed, stopping explore.
There is a staircase to the Ecumenical Temple here.
You climb downwards.
Welcome to the Ecumenical Temple!
Found a blossoming altar of Fedhas.
There is a staircase back to the Dungeon here.
You enter the shallow water.
Found a faded altar of an unknown god.
Found a broken altar of Ashenzari.
Found a glowing silver altar of Zin.
Found three altars.
You enter the shallow water.
There is a shimmering altar of Xom here.
You enter the shallow water.
Found a white marble altar of Elyvilon.
There is a hide-covered altar of Uskayaw here.
You enter the shallow water.
Found a bloodstained altar of Trog.
Found an ancient bone altar of Kikubaaqudgha.
There is a bloodstained altar of Trog here.
You enter the shallow water.
You enter the shallow water.
You enter the shallow water.
You enter the shallow water.
You enter the shallow water.
You enter the shallow water.
There is a staircase back to the Dungeon here.
You climb upwards.
Welcome back to the Dungeon!
There is a staircase to the Ecumenical Temple here.
You open the door. 3 wights come into view.
The wight attacks as you move away! The wight hits you with a +4 battleaxe!
The wight attacks as you move away! You block the wight's attack.
You open the door. The wight hits you with a +4 battleaxe!
* * * LOW HITPOINT WARNING * * *
Casting: Spider Form (dangerous; 7% risk of failure)
Confirm with . or Enter, or press ? or * to list all spells.
You turn into a venomous arachnid creature.
Your +1 flail of protection melds into your body.
Your +1 flail of protection goes still.
The wight hits you with a +4 battleaxe!!
You die...

#.....#.......#
#.....#.......#
#.....#.......# '#
#.....##......#
..##.....##......#
.................#
..................#
..................#.....#
...............zs.#.....+
######...###..###'#.....#
#...######.........#
+....#...#<........#
#....+...#.........#########
#........#..................
#'###.####..................
...
#...##.....#'###.........
+....
#.8.##.....#...#.........


You could see a wight.

Vanquished Creatures
  A phantom (D:5)
  A crimson imp (D:3)
  3 hounds (D:4)
  Ijyb (D:3)
  Terence (D:2)
  2 orc wizards (D:4)
  Natasha (thrice) (D:2)
  10 adders
  11 gnolls
  A dart slug (D:1)
  12 orcs
  4 endoplasms
  5 giant cockroaches
  2 goblins
  8 hobgoblins
  3 jackals (D:1)
  5 kobolds
  2 quokkas
  5 ball pythons
  5 bats
  A frilled lizard (D:1)
  3 rats
89 creatures vanquished.

Vanquished Creatures (others)
  3 fungi (D:2)
  4 plants (D:2)
7 creatures vanquished.

Grand Total: 96 creatures vanquished

Notes
Turn   | Place    | Note
-------+----------+-------------------------------------------
     0 | D:1      | PyroL the Octopode Transmuter began the quest for the Orb.
     0 | D:1      | Reached XP level 1. HP: 13/13 MP: 3/3
   236 | D:1      | Reached skill level 1 in Poison Magic
   305 | D:1      | Reached XP level 2. HP: 18/18 MP: 3/5
   409 | D:1      | Learned a level 2 spell: Wereblood
   544 | D:1      | Reached XP level 3. HP: 21/23 MP: 3/6
   829 | D:2      | Noticed Terence
   919 | D:2      | Reached skill level 3 in Transmutations
   939 | D:2      | Noticed Natasha
   946 | D:2      | Killed Natasha
   947 | D:2      | Reached XP level 4. HP: 19/28 MP: 5/7
   951 | D:2      | Learned a level 3 spell: Spider Form
  1050 | D:2      | Reached skill level 4 in Transmutations
  1077 | D:2      | Found a faded altar of an unknown god.
  1085 | D:2      | Got Plato's Handbook of Blasting
  1125 | D:2      | Noticed Natasha
  1134 | D:2      | Killed Natasha
  1135 | D:2      | Reached XP level 5. HP: 25/33 MP: 1/8
  1301 | D:2      | Noticed Natasha
  1310 | D:2      | Killed Natasha
  1668 | D:2      | Reached skill level 5 in Transmutations
  1676 | D:2      | Killed Terence
  2004 | D:3      | Reached XP level 6. HP: 29/38 MP: 2/9
  2350 | D:3      | Noticed Ijyb
  2354 | D:3      | Paralysed by Ijyb for 3 turns
  2364 | D:3      | Killed Ijyb
  2365 | D:3      | Reached skill level 6 in Transmutations
  2567 | D:3      | Found a radiant altar of Vehumet.
  2569 | D:3      | Found a burning altar of Makhleb.
  2620 | D:3      | Found a glowing golden altar of the Shining One.
  2946 | D:4      | Reached XP level 7. HP: 31/43 MP: 10/10
  3075 | D:4      | Found a sparkling altar of Nemelex Xobeh.
  3174 | D:4      | Reached skill level 7 in Transmutations
  3853 | D:5      | Entered Level 5 of the Dungeon
  3999 | D:5      | Found a staircase to the Ecumenical Temple.
  4060 | Temple   | Entered the Ecumenical Temple
  4244 | D:5      | Slain by a wight

Illustrated notes

Levels and vault maps discovered:
D:1:      dpeg_arrival_erosion, layout_basic
D:2:      layout_loops_ring, shapermc_ecumenical_altar_rom_forum,
          minmay_goblin_kobold_house, uniq_natasha, uniq_terence
D:3:      layout_loops_ring, grunt_temple_overflow_lords_of_destruction,
          nicolae_tso_swordbearing_angel, uniq_ijyb
D:4:      layout_gridville, nemelex_spade_bored_becter
D:5:      layout_gridville, minmay_temple_entry_antechambers
Temple:   chequers_temple_sunken

Skill      XL: |  1  2  3  4  5  6  7 |
---------------+----------------------+-----
Poison Magic   | 1 2 3 |  3.0
Transmutations | 3 4 5 6 7 |  7.2
Fighting       | |  1.0
Dodging        | |  2.7
Unarmed Combat | |  3.5
Spellcasting   | |  2.0

Action                   |  1- 3 |  4- 6 |  7- 9 || total
-------------------------+-------+-------+-------++-------
Melee: Unarmed           |    45 |   110 |    27 ||   182
       Kick              |    13 |    21 |     5 ||    39
       Constrict         |    10 |    21 |     7 ||    38
       Tentacles         |     9 |    13 |     6 ||    28
       Flail             |       |    29 |    31 ||    60
       Punch             |       |       |     3 ||     3
 Cast: Beastly Appendage |    18 |    16 |     3 ||    37
       Wereblood         |     1 |     5 |     3 ||     9
       Spider Form       |       |     7 |     5 ||    12
  Use: Potion            |       |     1 |       ||     1
       Scroll            |       |       |     5 ||     5
 Stab: Sleeping          |     3 |     2 |     1 ||     6
Armor: Skin              |     2 |     6 |     8 ||    16
Dodge: Dodged            |    28 |    87 |    39 ||   154
Block: Other             |       |    19 |    14 ||    33
       Reflection        |       |       |     1 ||     1

Table legend: (Time is in decaauts)
 A = Elapsed time spent in this place.
 B = Non-inter-level travel time spent in this place.
 C = Inter-level travel time spent in this place.
 D = Time resting spent in this place.
 E = Time spent auto-exploring this place.
 F = Levels seen in this place.
 G = Mean time per level.
                   A        B        C        D        E       F      G
               +--------+--------+--------+--------+--------+-----+--------+
         Total |   4265 |   4109 |    156 |     78 |   3214 |   6 |  710.8 |
       Dungeon |   4107 |   3956 |    151 |     78 |   3098 |   5 |  821.4 |
        Temple |    157 |    152 |      5 |      0 |    116 |   1 |  157.0 |
               +--------+--------+--------+--------+--------+-----+--------+

Top non-repeatable levels by time:
     D:4: 1064 daAuts
     D:3: 988 daAuts
     D:2: 969 daAuts
     D:1: 848 daAuts
     D:5: 237 daAuts
  Temple: 157 daAuts
